 Dungeon Crawl Stone Soup version 0.20.1-1-g8b1a95d (webtiles) character file.

77 Linguinho the Bolt Thrower (level 4, -10/35 HPs)
             Began as a Centaur Arcane Marksman on Oct 27, 2017.
             Killed by divine providence
             ... invoked by an orc priest
              (11 damage)
             ... on level 3 of the Dungeon.
             The game lasted 00:06:10 (1765 turns).

Linguinho the Bolt Thrower (CeAM)                   Turns: 1765, Time: 00:06:11

Health: -10/35     AC:  5    Str: 13    XL:     4   Next: 14%
Magic:  5/5        EV: 10    Int: 12    God:
Gold:   123        SH:  0    Dex: 10    Spells: 2/5 levels left

rFire    . . .     SeeInvis .   a - +0 hand crossbow
rCold    . . .     Gourm    .   (no shield)
rNeg     . . .     Faith    .   e - +1 robe
rPois    .         Spirit   .   (no helmet)
rElec    .         Reflect  .   (no cloak)
rCorr    .         Harm     .   (no gloves)
MR       .....                  (no barding)
Stlth    +.........             (no amulet)
Regen    0.2/turn               (no ring)
MPRegen  0.1/turn               (no ring)

@: lethally poisoned (-10 -> -20), very quick
A: hooves 3, deformed body, speed 2, tough skin 3
a: no special abilities


You were on level 3 of the Dungeon.
You were very hungry.

You visited 1 branch of the dungeon, and saw 3 of its levels.

You collected 123 gold pieces.

Inventory:

Hand Weapons
 a - a +0 hand crossbow (weapon)
 i - a +0 hand axe
Missiles
 d - 47 bolts (quivered)
 o - 22 arrows
Armour
 e - a +1 robe (worn)
Jewellery
 q - an uncursed ring of protection from cold {unknown}
Scrolls
 b - a scroll of immolation {unknown}
 m - a scroll of identify {unknown}
 p - a scroll of teleportation
Potions
 g - a potion of haste {unknown}
 h - a potion of mutation {unknown}
 j - 3 potions of resistance {unknown}
 k - 3 potions of brilliance {unknown}
 n - a potion of curing {unknown}
Books
 c - a book of Debilitation

   Spells                             Type                      Level
   a - Corona                         Hexes                        1
   b - Slow                           Hexes                        2
   c - Inner Flame                    Hexes/Fire                   3
   d - Portal Projectile              Hexes/Translocation          3
   e - Cause Fear                     Hexes                        4
   f - Leda's Liquefaction            Hexes/Earth                  4
Comestibles
 f - 2 bread rations
 l - a royal jelly


   Skills:
 + Level 1.6 Fighting
 + Level 3.8 Crossbows
 + Level 1.6 Dodging
 + Level 1.0 Spellcasting
 + Level 3.2 Hexes


You had 2 spell levels left.
You knew the following spells:

 Your Spells              Type           Power        Failure   Level  Hunger
a - Corona                Hex            #......      8%          1    ##.....
b - Slow                  Hex            #.......     12%         2    ###....


Dungeon Overview and Level Annotations

Branches:
Dungeon (3/15)

Altars:


Innate Abilities, Weirdness & Mutations

You have hooves in place of feet.
Armour fits poorly on your strangely shaped body.
You cover ground very quickly.
You have extremely tough skin. (AC +3)


Message History

You are poisoned.
You feel sick.
You feel sick.
You feel sick.
The orc priest miscasts a cantrip.
You feel sick.
There is a stone staircase leading down here.
Firing (i - inventory):
d - 48 bolts (quivered)
Press: ? - help, Shift-Dir - straight line, f/p - orc priest
Aim: an orc priest, wielding a war axe of venom and wearing a scale mail (almost dead)
You shoot a bolt.
The bolt completely misses the orc priest.
You feel sick.
The orc priest invokes the aid of Beogh against you.
Beogh smites you!
* * * LOW HITPOINT WARNING * * *
The orc priest miscasts a cantrip.
The orc priest calls down the wrath of Beogh upon you.
Beogh smites you!
You die...

.) #.# #
######(#####
#.....(....#
#.####(###.#
#.# #.# #.#
#.# #o# #.#
#.# #.# #.#
#.# #o###.#
#.# #...@.#
#.# #####.#
#.########.#
#..........#
##########.#
#.# #.# #.#
#.#


You could see an orc priest.

Vanquished Creatures
  An orc priest (D:3)
  2 oozes
  A dart slug (D:1)
  2 orcs (D:3)
  4 bats
  2 giant cockroaches
  5 goblins
  4 hobgoblins (D:1)
  A quokka (D:2)
  A ball python (D:2)
  3 frilled lizards
  5 kobolds
  5 rats
36 creatures vanquished.

Notes
Turn   | Place    | Note
-------+----------+-------------------------------------------
     0 | D:1      | Linguinho the Centaur Arcane Marksman began the quest for the Orb.
     0 | D:1      | Reached XP level 1. HP: 16/16 MP: 2/2
   114 | D:1      | Reached XP level 2. HP: 21/23 MP: 3/3
   315 | D:1      | You fall through a shaft!
   834 | D:2      | Reached XP level 3. HP: 28/28 MP: 4/4
  1553 | D:3      | Learned a level 2 spell: Slow
  1733 | D:3      | Reached XP level 4. HP: 22/35 MP: 5/5
  1764 | D:3      | HP: 1/35 [orc priest/divine providence (10)]
  1765 | D:3      | Killed from afar by an orc priest

Skill      XL: |  1  2  3 |
---------------+----------+-----
Hexes          | 3 |  3.2
Crossbows      | 3 |  3.8
Fighting       | |  1.6
Dodging        | |  1.6
Spellcasting   | |  1.0

Action                   |  1- 3 |  4- 6 || total
-------------------------+-------+-------++-------
 Fire: Hand crossbow     |    89 |     9 ||    98
  Use: Scroll            |     3 |       ||     3
Armor: Robe              |     8 |     1 ||     9
Dodge: Dodged            |    20 |       ||    20
